 Dungeon Crawl Stone Soup version 0.23.1 (webtiles) character file.

Game seed: 9963092691750072425

4684 PentaManta the Slinger (level 10, -7/93 HPs)
             Began as a Halfling Abyssal Knight on Mar 13, 2019.
             Was a High Priest of Lugonu.
             Mangled by a troll (10 damage)
             ... on level 9 of the Dungeon.
             The game lasted 00:39:33 (11278 turns).

PentaManta the Slinger (Halfling Abyssal Knight)   Turns: 11278, Time: 00:39:33

Health: -7/93      AC: 25    Str: 16    XL:     10   Next: 72%
Magic:  10/11      EV:  3    Int: 10    God:    Lugonu [*****.]
Gold:   84         SH:  4    Dex: 15    Spells: 9/9 levels left

rFire    . . .     SeeInvis +   H - +0 rapier
rCold    . . .     Gourm    .   (shield restricted)
rNeg     + + +     Faith    .   (armour currently unavailable)
rPois    +         Spirit   .   (helmet currently unavailable)
rElec    .         Reflect  +   (cloak currently unavailable)
rCorr    .         Harm     .   (gloves currently unavailable)
MR       .....     NoTele   +   (boots currently unavailable)
Stlth    ++++......             e - +4 amulet of reflection
HPRegen  0.25/turn              G - ring of see invisible
MPRegen  0.12/turn              I - ring of poison resistance

@: tree-form
A: small, mutation resistance 1
a: Depart the Abyss, Bend Space, Banish, Corrupt, Enter the Abyss, Renounce
Religion


You were on level 9 of the Dungeon.
You worshipped Lugonu.
Lugonu was extremely pleased with you.
You were hungry.
You were a tree.
You visited 2 branches of the dungeon, and saw 10 of its levels.
You visited the Abyss 1 time.
You also visited: Sewer.

You collected 469 gold pieces.
You spent 385 gold pieces at shops.

Inventory:

Hand Weapons
 h - a +2 hunting sling
 B - a +2 dagger of holy wrath
 H - a +0 rapier (weapon)
Missiles
 d - 80 stones (quivered)
Armour
 c - the +0 scale mail of Pessimism (melded) {rF+ rC+ rN+ Dex+3}
   (You bought it in a shop on level 8 of the Dungeon)

   It affects your dexterity (+3).
   It protects you from fire.
   It protects you from cold.
   It protects you from negative energy.
 E - a +2 helmet of intelligence (melded)
 J - a +0 pair of gloves (melded)
Magical Staves
 t - an uncursed staff of energy {unknown}
Jewellery
 e - a +4 amulet of reflection (around neck)
 q - a +2 ring of slaying
 u - an uncursed amulet of the acrobat
 G - a ring of see invisible (left branch)
 I - a ring of poison resistance (right branch)
Wands
 m - a wand of paralysis (6)
 o - a wand of flame (30)
Scrolls
 a - a scroll of enchant armour {unknown}
 b - 2 scrolls of fog
 g - 10 scrolls of teleportation
 i - a scroll of enchant weapon
 n - a scroll of blinking
 r - 5 scrolls of fear
 x - a scroll of magic mapping
 y - 4 scrolls of amnesia
 D - a scroll of remove curse
Potions
 f - a potion of invisibility
 j - 5 potions of lignification
 k - 2 potions of haste
 l - 4 potions of curing
 s - a potion of mutation
 v - a potion of brilliance {unknown}
 z - 3 potions of heal wounds {unknown}
 A - 2 potions of magic {unknown}
 C - 4 potions of might {unknown}
Comestibles
 p - 9 rations


   Skills:
 - Level 2.9 Fighting
 - Level 2.8 Short Blades
 - Level 12.6 Slings
 - Level 2.1 Armour
 * Level 10.2 Dodging
 + Level 8.5 Stealth
 - Level 2.0 Invocations


You had 9 spell levels left.
You didn't know any spells.
Your spell library was empty.

Dungeon Overview and Level Annotations

Branches:
Dungeon (9/15)             Temple (1/1) D:4
   Lair: D:8-11         Orc: D:9-12

Altars:
Ashenzari
Cheibriados
Dithmenos
Elyvilon
Fedhas
Gozag
Hepliaklqana
Kikubaaqudgha
Makhleb
Nemelex Xobeh
Okawaru
Qazlal
Ru
Sif Muna
Trog
Uskayaw
Vehumet
Wu Jian
Xom
Yredelemnul
Zin
The Shining One

Shops:
D:8 *


Innate Abilities, Weirdness & Mutations

You are small and have problems with some larger weapons.
You are somewhat resistant to further mutation.


Message History

The troll is severely wounded.
You block the troll's attack. The troll claws you but does no damage.
The troll completely misses you.
You hit the troll.
The troll is almost dead.
The troll bites you!
* * * LOW HITPOINT WARNING * * *
The troll barely misses you. The troll completely misses you.
You closely miss the troll.
The troll is almost dead.
The troll bites you but does no damage.
The troll claws you but does no damage. x2
Space bends around you!
You blink.
Found a shortbow and 17 arrows.
Press: ? - help, Shift-Dir - straight line, f/p - troll
Aim: a troll (severely wounded, chance to defeat MR: 81%)
You fail to use your ability.
Press: ? - help, Shift-Dir - straight line, f/p - troll
Aim: a troll (severely wounded, chance to defeat MR: 81%)
You fail to use your ability.
The troll bites you!
You die...

#.... #...#
#...#######
#####........(
#.....(...).#.#
...............
#.......<...#
##..♣#####.
##.[.T(.....#
#......(#####
#.....#(#
#..#.##.#
#..#.##.#
#..#.##.#
#.......####
####.......#


You could see a troll.

Vanquished Creatures
  A two-headed ogre (D:8)
  Prince Ribbit (D:5)
  The ghost of TheNamelessOne the Sneak, an amateur OpWn of Gozag (D:4)
  A wyvern (D:4)
  2 hungry ghosts (D:7)
  A sky beast (D:8)
  2 phantoms
  3 ogres
  2 ice beasts
  3 centaurs
  6 bullfrogs
  The ghost of P0WERM0DE the Covered, a weakling DDFi (D:4)
  3 scorpions
  3 killer bees (D:9)
  A centaur zombie (D:6)
  3 crimson imps (D:5)
  A bullfrog zombie (D:7)
  3 centaur skeletons
  4 hounds
  A jelly (D:6)
  An orc priest (D:7)
  2 bullfrog skeletons
  Jessica (D:3)
  7 orc wizards
  3 iguanas
  A statue (D:7)
  5 worker ants
  A howler monkey skeleton (D:4)
  15 adders
  9 gnolls
  9 river rats
  3 shadow imps
  4 oozes
  An adder skeleton (D:8)
  An adder zombie (D:7)
  6 worms
  3 dart slugs
  6 leopard geckos
  25 orcs
  7 giant cockroaches
  8 goblins
  7 hobgoblins
  8 jackals
  9 kobolds
  2 quokkas
  14 ball pythons
  13 bats
  7 frilled lizards
  A jackal zombie (D:7)
  2 quokka skeletons (D:5)
  33 rats
257 creatures vanquished.

Vanquished Creatures (others)
  2 centaurs
  4 withered plants (D:4)
6 creatures vanquished.

Grand Total: 263 creatures vanquished

Notes
Turn   | Place    | Note
-------+----------+-------------------------------------------
     0 | Abyss:1  | PentaManta the Halfling Abyssal Knight began the quest for
                  | the Orb.
     0 | Abyss:1  | Reached XP level 1. HP: 15/15 MP: 2/2
    71 | Abyss:1  | Noticed a quasit
    73 | D:1      | Escaped the Abyss
   113 | D:1      | Reached * piety under Lugonu
   128 | D:1      | Reached skill level 1 in Stealth
   129 | D:1      | Reached XP level 2. HP: 4/20 MP: 3/3
   710 | D:1      | Reached XP level 3. HP: 22/25 MP: 4/4
   737 | D:1      | Found a glowing silver altar of Zin.
  1256 | D:1      | Reached skill level 1 in Slings
  1778 | D:2      | Reached XP level 4. HP: 30/30 MP: 5/5
  1798 | D:2      | Reached skill level 2 in Slings
  2023 | D:2      | Reached skill level 3 in Slings
  2421 | D:2      | Reached XP level 5. HP: 36/36 MP: 6/6
  2470 | D:2      | Reached skill level 4 in Slings
  2594 | D:2      | Reached ** piety under Lugonu
  3403 | D:3      | Noticed Jessica
  3406 | D:3      | Killed Jessica
  3406 | D:3      | Reached skill level 5 in Slings
  3562 | D:3      | Reached skill level 6 in Slings
  3562 | D:3      | Reached XP level 6. HP: 35/41 MP: 7/7
  4233 | D:4      | Noticed a wyvern
  4241 | D:4      | Killed a wyvern
  4241 | D:4      | Reached skill level 8 in Slings
  4304 | D:4      | Noticed an ogre
  4312 | D:4      | Killed an ogre
  4312 | D:4      | Reached XP level 7. HP: 36/45 MP: 8/8
  4381 | D:4      | Found a runed translucent gate.
  4381 | D:4      | Found a runed translucent gate.
  4384 | D:4      | Found a runed translucent gate.
  4406 | D:4      | Noticed TheNamelessOne's ghost (amateur OpWn)
  4406 | D:4      | Noticed P0WERM0DE's ghost (weakling DDFi)
  4426 | D:4      | Found a staircase to the Ecumenical Temple.
  4464 | Temple   | Entered the Ecumenical Temple
  4694 | D:4      | Reached skill level 9 in Slings
  4892 | D:4      | Reached *** piety under Lugonu
  5093 | D:4      | Found a white marble altar of Elyvilon.
  5134 | D:4      | Found an ornate altar of the Wu Jian Council.
  5187 | D:5      | Entered Level 5 of the Dungeon
  5237 | D:5      | Noticed Prince Ribbit
  5253 | D:5      | Killed Prince Ribbit
  5253 | D:5      | Reached skill level 10 in Slings
  5253 | D:5      | Reached XP level 8. HP: 24/51 MP: 9/9
  5351 | D:5      | Reached skill level 11 in Slings
  5643 | D:5      | Found a sparkling altar of Nemelex Xobeh.
  5870 | D:5      | Reached skill level 12 in Slings
  6467 | D:4      | Found a sparkling altar of Nemelex Xobeh.
  6691 | D:4      | Killed P0WERM0DE's ghost
  6892 | D:4      | Killed TheNamelessOne's ghost
  6892 | D:4      | Reached XP level 9. HP: 55/55 MP: 10/10
  7383 | D:6      | Reached skill level 5 in Dodging
  7383 | D:6      | Reached skill level 5 in Stealth
  7464 | D:6      | Found a basalt altar of Yredelemnul.
  7562 | D:6      | Found a glowing drain.
  7585 | Sewer    | Entered a sewer
  7624 | Sewer    | Reached **** piety under Lugonu
  8354 | D:6      | Found an iron altar of Okawaru.
  8820 | D:7      | Reached XP level 10. HP: 39/62 MP: 8/11
  8970 | D:7      | Reached ***** piety under Lugonu
  9455 | D:7      | Found a radiant altar of Vehumet.
  9603 | D:7      | Found a shadowy altar of Dithmenos.
 10002 | D:8      | Found a glowing silver altar of Zin.
 10002 | D:8      | Noticed an angel
 10016 | D:8      | Found a shimmering altar of Xom.
 10046 | D:8      | Noticed a two-headed ogre
 10071 | D:8      | Killed a two-headed ogre
 10515 | D:8      | Found Roiny's General Store.
 10542 | D:8      | Reached skill level 10 in Dodging
 11008 | D:8      | Bought a potion of curing for 30 gold pieces
 11008 | D:8      | Bought the +0 scale mail of Pessimism {rF+ rC+ rN+ Dex+3}
                  | for 355 gold pieces
 11274 | D:9      | HP: 4/93 [troll (11)]
 11278 | D:9      | Mangled by a troll

Skill      XL: |  1  2  3  4  5  6  7  8  9 10 |
---------------+-------------------------------+-----
Stealth        | 1 2 3 4 6 8 |  8.5
Slings         | 1 3 6 8 10 12 | 12.6
Dodging        | 3 7 10 | 10.2
Fighting       | |  2.9
Short Blades   | |  2.8
Armour         | |  2.1
Invocations    | |  2.0

Action                   |  1- 3 |  4- 6 |  7- 9 | 10-12 || total
-------------------------+-------+-------+-------+-------++-------
Melee: Short sword       |    55 |       |    32 |     4 ||    91
       Hunting sling     |       |       |     1 |       ||     1
       Rapier            |       |       |       |    46 ||    46
 Fire: Hunting sling     |    41 |   168 |   459 |   201 ||   869
Invok: Depart the Abyss  |     1 |       |       |       ||     1
       Bend Space        |       |       |     6 |     6 ||    12
  Use: Scroll            |     4 |     5 |     6 |     3 ||    18
       Potion            |       |     1 |       |     1 ||     2
  Eat: Ration            |     1 |       |     2 |     2 ||     5
       Chunk             |       |     7 |     5 |     4 ||    16
Armor: Leather armour    |    16 |     1 |       |       ||    17
       Robe              |       |     8 |     3 |       ||    11
       Chain mail        |       |       |    74 |    34 ||   108
       Scale mail        |       |       |       |    10 ||    10
       Skin              |       |       |       |     5 ||     5
Dodge: Dodged            |    62 |    35 |    82 |    74 ||   253
Block: Other             |       |     5 |    21 |    22 ||    48
       Reflection        |       |       |     3 |       ||     3
